Description

Made for lower levels of play (used this in Gold and it got me to Platinum).

Works for both ZvP and ZvT.

I based this on some builds by Vibe and Lowko, it will yield the following:

  • Nydus at the enemy Natural or Main at the 5:00 minute mark

  • Attack with 3 Queens, with at least 10 Roaches, 10 Speedlings (you may attack with 4 Queens by pulling the Queen from the Main)

  • 2 Base (fully saturated mineral lines + 2 Gas) economy with 3rd base coming up

Build Order

Why is there no SALT encoding or Overwolf build?

  13  0:13  Overlord  
  17  0:55  Hatchery  
  18  1:10  Extractor  
  17  1:20  Spawning Pool  
  19  1:40  Overlord  
  19  2:02  Zergling x2  
  21  2:10  Queen x2  
  27  2:15  Metabolic Boost  
  32  2:45  Overlord  
  32  2:50  Queen  
  34  2:55  Lair  
  36  3:00  Overlord  
  45  3:30  Extractor  
  44  3:35  Roach Warren  
  43  3:40  Overlord  
  43  3:50  Queen  
  47  3:55  Nydus Network  
  48  4:00  Overlord x3  
  48  4:20  Roach x5  
  58  4:25  Hatchery  
  58  4:30  Queen x2  
    5:00  Nydus Canal  
Spawning Tool Build Advisor. Get it on Overwolf

Go to:

Details

  • Created by: Toaster
  • Published on: Apr 22, 2019
  • Modified on: Apr 22, 2019
  • Patch: 4.7.1
Show

Export as new Build Order

Comments (0)

There are no comments. Be the first!

Create an account to comment!